cohdb
Replays
Latest Replays
All Replays
Popular Replays
Top Player Replays
Match Explorer
How It Works
Community
CoH3 Stats
Reddit
Sign in to upload your games and track your stats! →
Sign in with Steam
Match 38042893
Unlisted
Match 38042893
Overview
Messages
Build Orders
End
Construct Weapon Support Center
Selects Airborne Battlegroup
Selects Pathfinders
Pathfinder Squad
M1919 Machine Gun Team
Bazooka Squad
Infantry Support Center
Engineer Squad
M3 Armored Personnel Carrier
Selects Paratrooper Squad Paradrop
Bazooka Squad
Paratrooper Squad Paradrop
Improved M9 Bazooka Rockets
Selects Anti-tank Gun Team Paradrop
Construct Tank Depot
Selects Recon Loiter
Selects Paradrop Reinforcements
Paratrooper Squad Paradrop
M4A1 Sherman Medium Tank
Paratrooper Squad Paradrop
Engineer Squad
Construct Medical Station
MJ
Aprosarmosto
0
0
Comments
sign in to comment!
No comments posted yet!